 Dungeon Crawl Stone Soup version 0.20-a0-970-gcd8f41e (webtiles) character file.

30 Rrauwl the Grasshopper (level 3, -1/28 HPs)
             Began as a Barachi Warper on Apr 8, 2017.
             Slain by a rat (3 damage)
             ... on level 2 of the Dungeon.
             The game lasted 00:05:31 (943 turns).

Rrauwl the Grasshopper (Barachi Warper)              Turns: 943, Time: 00:05:31

Health: -1/28      AC:  5    Str: 12    XL:     3   Next: 20%
Magic:  6/6        EV: 12    Int: 13    God:
Gold:   45         SH:  0    Dex: 14    Spells: 5/7 levels left

rFire    . . .     SeeInvis .   a - +0 falchion
rCold    . . .     Gourm    .   (no shield)
rNeg     . . .     Faith    .   b - +0 leather armour
rPois    .         Spirit   .   (no helmet)
rElec    .         Reflect  .   (no cloak)
rCorr    .         Harm     .   (no gloves)
MR       .....                  (no boots)
Stlth    ++........             (no amulet)
Regen    0.1/turn               (no ring)
MPRegen  0.1/turn               (no ring)

@: exhausted, very slightly contaminated, slowed, very slow
A: +LOS, swims, molten scales 1, thin skeletal structure 1, slowness 1, subdued
magic 1, strong legs 1
a: Hop


You were on level 2 of the Dungeon.
You were hungry.

You visited 1 branch of the dungeon, and saw 2 of its levels.

You collected 45 gold pieces.

Inventory:

Hand Weapons
 a - a +0 falchion (weapon)
Missiles
 e - 2 tomahawks of dispersal (quivered)
Armour
 b - a +0 leather armour (worn)
Scrolls
 d - a scroll of blinking
 h - a scroll of immolation {unknown}
 k - a scroll of random uselessness {unknown}
 l - 2 scrolls of recharging {unknown}
 n - a scroll of teleportation {unknown}
 o - a scroll of amnesia {unknown}
 s - a scroll of identify {unknown}
Potions
 m - a potion of curing
Books
 c - a book of Spatial Translocations

   Spells                             Type                      Level
   a - Blink                          Translocation                2
   b - Shroud of Golubria             Charms/Translocation         2
   c - Lesser Beckoning               Translocation                3
   d - Gell's Gravitas                Translocation                3
   e - Teleport Other                 Translocation                3
   f - Passage of Golubria            Translocation                4
Comestibles
 f - a bread ration
 g - a royal jelly
 q - 2 chunks of flesh


   Skills:
 + Level 2.7 Fighting
 + Level 2.8 Long Blades
 - Level 1.1 Throwing
 + Level 1.9 Armour
 + Level 2.5 Dodging
 + Level 2.5 Spellcasting
 + Level 3.4 Translocations


You had 5 spell levels left.
You knew the following spells:

 Your Spells              Type           Power        Failure   Level  Hunger
a - Blink                 Tloc           N/A          10%         2    ###....


Dungeon Overview and Level Annotations

Branches:
Dungeon (2/15)

Altars:
Ru

Annotations:
D:2 Jessica, Robin


Innate Abilities, Weirdness & Mutations

Shadows flee at your approach. (+LOS)
You can swim through water.
You cover ground slowly.
You can hop short distances.
You are partially covered in molten scales. (AC +2)
You have a somewhat thin skeletal structure. (Dex +2, Stealth)
Your spells are a little easier to cast, but a little less powerful.


Message History

The goblin blinks!
The rat barely misses you. The rat misses you.
You riposte.
You completely miss the rat.
The rat is moderately wounded.
A goblin comes into view. It is wielding a club.
You barely miss the rat.
The rat is moderately wounded.
Robin roars a battlecry!
The hobgoblin goes into a battle-frenzy!
The rat barely misses you. The goblin hits you but does no damage.
You hear a shout!
A goblin comes into view.
The goblin shouts!
Throwing (i - inventory):
e - 3 tomahawks of dispersal (quivered)
Press: ? - help, Shift-Dir - straight line, f/p - goblin
Aim: a goblin, wielding a dagger (heavily wounded, unusually strong)
You throw a tomahawk of dispersal.
The tomahawk of dispersal closely misses the goblin.
The rat bites you but does no damage. The goblin closely misses you.
Robin misses you. The rat bites you.
You die...

.....#.##.#.# .#
.....#.#....# g#
._..........## .#####
.....#.......####g.....
.....#.....g..##...#
....##.......).....#
#.####.....@...gg@.#
...........#####rg##
...#......## #@.#
........... #..#
....<....###.# #..#
.........# #.# #..#
.....#.### #.# #..#
....##.# #.# #..#
...###.# #.# #..# ..##
#.# ##.###..# ..####.#
#.......#


You could see Robin, Jessica, a hobgoblin, 3 goblins and a rat.

Vanquished Creatures
  An ooze (D:2)
  A giant cockroach (D:2)
  4 hobgoblins
  8 jackals (D:1)
  2 bats
  3 frilled lizards (D:1)
  A goblin (D:2)
  A kobold (D:1)
  4 rats
25 creatures vanquished.

Vanquished Creatures (others)
  2 minotaurs (D:1)
  3 gargoyles (D:1)
  A vine stalker (D:1)
  An elf (D:1)
  A formicid (D:1)
  An ogre (D:1)
  3 mummies (D:1)
  5 tentacles (D:1)
17 creatures vanquished.

Grand Total: 42 creatures vanquished

Notes
Turn   | Place    | Note
-------+----------+-------------------------------------------
     0 | D:1      | Rrauwl the Barachi Warper began the quest for the Orb.
     0 | D:1      | Reached XP level 1. HP: 17/17 MP: 3/3
     0 | D:1      | Noticed a vine stalker
     0 | D:1      | Noticed a minotaur
     0 | D:1      | Noticed a gargoyle
     0 | D:1      | Noticed a minotaur
     0 | D:1      | Noticed a kraken
     0 | D:1      | Noticed a gargoyle
     0 | D:1      | Noticed a formicid
     0 | D:1      | Noticed an elf
     0 | D:1      | Noticed a gargoyle
     0 | D:1      | Noticed an ogre
     3 | D:1      | Killed a gargoyle
     7 | D:1      | Killed a formicid
     8 | D:1      | Killed a gargoyle
     8 | D:1      | Killed a vine stalker
     9 | D:1      | Killed a gargoyle
    12 | D:1      | Killed an elf
    13 | D:1      | Killed an ogre
    14 | D:1      | Killed a minotaur
    14 | D:1      | Killed a minotaur
    72 | D:1      | Reached XP level 2. HP: 17/23 MP: 5/5
    81 | D:1      | Learned a level 2 spell: Blink
   754 | D:2      | Reached XP level 3. HP: 19/28 MP: 6/6
   867 | D:2      | Found a sacrificial altar of Ru.
   914 | D:2      | Noticed Jessica
   916 | D:2      | Gained mutation: Potions are less effective at restoring your health. [potion of mutation]
   916 | D:2      | Gained mutation: Your spells are a little harder to cast, but a little more powerful. [potion of mutation]
   927 | D:2      | Noticed Robin
   933 | D:2      | Lost mutation: Your spells are a little harder to cast, but a little more powerful. [potion of mutation]
   933 | D:2      | Lost mutation: Potions are less effective at restoring your health. [potion of mutation]
   933 | D:2      | Gained mutation: You have a somewhat thin skeletal structure. (Dex +2, Stealth) [potion of mutation]
   933 | D:2      | Gained mutation: Your spells are a little easier to cast, but a little less powerful. [potion of mutation]
   933 | D:2      | Gained mutation: You are partially covered in molten scales. (AC +2) [potion of mutation]
   943 | D:2      | Slain by a rat

Vault maps used:
D:1:      nicolae_arrival_kraken_aquarium_a
D:2:      old_standard_altar, marbit_many_paths, minmay_tiny_reverse_x,
          uniq_robin, uniq_jessica

Action                   || total
-------------------------++-------
Melee: Falchion          ||    91
Throw: Tomahawk          ||     3
  Use: Potion            ||     6
       Scroll            ||     1
Armor: Leather armour    ||    33
Dodge: Dodged            ||    74
       Rpst.: Falchion   ||    22
